Map: Beladona LE

Players

Wolf

  • Race: Zerg Zerg
  • League: Diamond
  • Spawn Location: 11:00

LowLinK - Winner!

  • Race: Protoss Protoss
  • League: Platinum
  • Spawn Location: 5:00

VOD

Have the link to the VOD?

Description

Time

  • Played on: Feb. 16, 2020, 9:16 a.m.
  • Length: 5:16
Show
View Real Time Build Order
Export as new Build Order

Wolf Zerg 

Build Orders: Hatch First 

Get SALT Encoding   

  12  0:01  Drone  
  13  0:13  Overlord  
  13  0:19  Drone  
  14  0:31  Drone  
  14  0:32  Drone  
  16  0:50  Hatchery  
  16  0:54  Drone  
  16  1:12  Spawning Pool  
  16  1:13  Extractor  
  15  1:18  Drone x2  
  16  1:26  Drone  
  16  1:29  Drone  
  18  1:40  Drone  
  19  1:59  Queen  
  21  2:02  Queen  
  21  2:06  Overlord  
  23  2:14  Zergling x4  
  23  2:15  Zergling x2  
  26  2:18  Drone  
  27  2:24  Drone x2  
  27  2:27  Metabolic Boost  
  29  2:42  Spine Crawler  
  28  2:59  Drone x4  
  28  3:00  Drone x2  
  34  3:17  Spore Crawler  
  33  3:20  Spore Crawler, Drone  
  33  3:26  Drone x3  
  36  3:27  Overlord  
  36  3:46  Overlord x2  
  36  3:59  Queen x2  
  36  4:02  Drone x2  
  42  4:03  Drone x2  
  42  4:04  Overlord  
  44  4:17  Overlord  
  44  4:25  Drone x3  
  44  4:26  Drone x2  
  44  4:28  Extractor  
  44  4:30  Extractor  
  47  4:32  Drone  
  47  4:33  Roach Warren  
  47  4:34  Drone x5  
  51  4:49  Spine Crawler  
  51  4:50  Zergling x6  
Show
View Real Time Build Order
Export as new Build Order

LowLinK Protoss - Winner!

Build Orders:  

Get SALT Encoding   

  12  0:01  Probe  
  13  0:13  Probe  
  14  0:17  Pylon  
  14  0:21  Pylon  
  14  0:25  Probe  
  15  0:39  Probe (Chrono Boost)  
  16  0:43  Gateway  
  16  0:49  Assimilator  
  17  0:51  Probe (Chrono Boost)  
  17  0:56  Probe (Chrono Boost)  
  18  1:02  Assimilator  
  18  1:05  Probe  
  19  1:17  Probe  
  19  1:18  Pylon  
  20  1:29  Probe  
  21  1:33  Cybernetics Core  
  21  1:55  Zealot  
  23  2:01  Probe  
  23  2:03  Pylon  
  23  2:06  Warp Gate (Chrono Boost)  
  24  2:13  Probe  
  25  2:21  Pylon  
  25  2:25  Stalker (Chrono Boost)  
  27  2:40  Gateway  
  27  2:45  Pylon  
  27  2:59  Pylon  
  27  3:09  Gateway  
  27  3:12  Gateway  
  27  3:14  Gateway  
  27  3:31  Pylon  
  27  3:32  Stalker (Chrono Boost)  
  29  3:47  Adept  
  31  4:03  Stalker x2  
  31  4:07  Stalker x2  
  39  4:11  Stalker  
  41  4:22  Pylon  
  41  4:25  Stalker  
  41  4:28  Stalker x2  
  41  4:31  Zealot  
  49  4:34  Sentry  
  51  4:47  Stalker  
  53  5:12  Stalker  
Tags
 
Add a new tag
Caveats
  • Supply blocks, unpowered buildings, or Contaminate may cause inaccurate times.
  • Supply counts are checked every 10 seconds.